Map: Nightscape LE

Players

Nyck

  • Race: Terran Terran
  • Spawn Location: 7:00

Ekelpack

  • Race: Zerg Zerg
  • Spawn Location: 7:00

eOliAs

  • Race: Zerg Zerg
  • League: Diamond
  • Spawn Location: 1:00

Aløne

  • Race: Protoss Protoss
  • League: Gold
  • Spawn Location: 1:00

VOD

Have the link to the VOD?

Description

Time

  • Played on: Sept. 17, 2020, 3:15 p.m.
  • Length: 8:13
Show
View Real Time Build Order
Export as new Build Order

Nyck Terran 

Build Orders:  

Get SALT Encoding   

  12  0:00  SCV  
  13  0:13  Supply Depot  
  13  0:18  SCV  
  14  0:30  SCV  
  15  0:45  Barracks  
  15  0:46  SCV  
  16  0:58  SCV  
  17  1:10  SCV  
  18  1:23  SCV  
  19  1:26  Barracks  
  19  1:32  Marine  
  20  1:40  Supply Depot  
  20  1:50  Marine  
  20  1:52  Orbital Command  
  21  2:02  Supply Depot  
  21  2:08  Marine  
  22  2:11  Command Center  
  22  2:15  Marine  
  23  2:21  Barracks  
  23  2:25  Marine  
  24  2:30  SCV  
  25  2:38  Marine  
  25  2:43  Marine  
  27  2:56  Marine  
  28  3:01  Marine  
  29  3:10  SCV, Barracks  
  30  3:14  Marine  
  30  3:19  Marine  
  31  3:23  SCV  
  32  3:36  Marine  
  33  3:44  Marine  
  33  3:45  Marine  
  35  4:00  Refinery  
  35  4:02  Marine x2  
  36  4:03  Marine, Refinery  
  38  4:18  SCV  
  38  4:21  Marine  
  38  4:22  Marine x2  
  42  4:38  Orbital Command  
  42  4:50  SCV  
  43  5:02  SCV  
  44  5:08  Factory  
  27  5:49  Marine x4  
  28  5:57  Factory Tech Lab  
  29  6:06  Factory  
  25  6:20  Marine x4  
  30  6:26  Siege Tank  
  31  6:37  Bunker  
  31  6:38  Bunker  
  31  6:39  Bunker  
  31  6:46  Marine x4  
  35  6:58  Siege Tank  
  26  7:25  Marine x4  
  27  7:30  Siege Tank  
Show
View Real Time Build Order
Export as new Build Order

Ekelpack Zerg 

Build Orders: Hatch First 

Get SALT Encoding   

  12  0:00  Drone  
  13  0:08  Drone  
  14  0:17  Overlord  
  14  0:44  Hatchery  
  14  0:46  Drone  
  14  0:55  Drone x2  
  16  0:57  Drone  
  17  1:09  Drone  
  18  1:19  Spawning Pool  
  18  1:23  Drone  
  18  1:37  Drone  
  19  1:44  Drone  
  20  1:53  Drone  
  21  1:57  Extractor  
  21  1:58  Extractor  
  19  2:04  Drone  
  19  2:08  Drone  
  21  2:10  Queen  
  21  2:11  Queen  
  21  2:13  Drone  
  21  2:15  Drone  
  27  2:25  Drone  
  27  2:29  Overlord  
  28  2:34  Drone, Extractor  
  28  2:38  Extractor  
  28  2:39  Drone  
  28  2:55  Drone  
  28  2:56  Drone x2, Overlord  
  31  3:05  Queen  
  33  3:08  Metabolic Boost  
  33  3:10  Zergling x4  
  35  3:18  Zergling x2  
  35  3:19  Zergling x2  
  37  3:24  Drone x2  
  39  3:33  Zergling x6  
  42  3:35  Drone  
  42  3:40  Overlord  
  43  4:01  Drone  
  43  4:02  Drone x5  
  48  4:29  Drone x3  
  51  4:33  Overlord x4  
  51  4:34  Lair  
  51  5:00  Overlord  
  51  5:03  Hatchery  
  47  5:17  Zergling x10  
  47  5:18  Zergling x4  
  51  5:44  Hydralisk Den  
  51  5:47  Evolution Chamber  
  49  5:50  Evolution Chamber  
  48  6:04  Hatchery  
  47  6:25  Drone x3  
  48  6:26  Drone x5  
  48  6:27  Drone x5  
  60  6:44  Drone x2  
  60  6:45  Drone x2  
  64  6:47  Overlord x4  
  57  6:58  Hydralisk x4  
  57  6:59  Hydralisk x2  
  69  7:08  Hydralisk  
  71  7:22  Hydralisk x6  
  74  7:23  Hydralisk x4  
  83  7:31  Hydralisk x2  
  83  7:32  Hydralisk  
  81  7:47  Hydralisk x3  
  81  7:48  Hydralisk  
Show
View Real Time Build Order
Export as new Build Order

eOliAs Zerg 

Build Orders: Hatch First 

Get SALT Encoding   

  12  0:00  Drone  
  13  0:12  Drone  
  14  0:19  Overlord  
  14  0:37  Drone x3  
  17  0:49  Drone  
  18  1:01  Drone  
  19  1:06  Hatchery  
  19  1:07  Extractor  
  17  1:13  Spawning Pool  
  17  1:17  Drone  
  17  1:21  Drone  
  18  1:35  Drone  
  19  1:45  Drone  
  20  1:54  Overlord  
  20  2:01  Queen  
  20  2:07  Metabolic Boost  
  22  2:14  Zergling x2  
  22  2:15  Zergling x2  
  24  2:18  Queen  
  24  2:20  Zergling x2  
  27  2:31  Drone x2  
  27  2:36  Drone  
  30  2:42  Drone  
  31  2:51  Drone x2  
  33  2:57  Queen  
  35  2:59  Overlord  
  34  3:30  Drone  
  34  3:31  Drone x8  
  43  3:36  Lair  
  43  3:40  Overlord x2  
  43  3:48  Extractor  
  43  3:50  Drone  
  43  3:51  Overlord, Extractor  
  43  3:52  Overlord  
  42  4:14  Drone  
  42  4:15  Drone x2  
  42  4:16  Drone x3  
  48  4:17  Drone x2, Overlord  
  48  4:18  Overlord  
  48  4:22  Baneling Nest  
  49  4:26  Evolution Chamber  
  49  4:28  Spore Crawler  
  47  4:33  Spore Crawler  
  47  4:38  Spore Crawler  
  45  4:40  Extractor  
  45  4:42  Drone x3  
  45  4:43  Drone x2  
  49  4:52  Zergling x6  
  52  4:56  Hatchery  
  52  4:58  Zerg Melee Weapons Level 1  
  51  5:00  Zergling x2  
  51  5:01  Zergling x2  
  51  5:05  Overseer  
  51  5:13  Zergling x2  
  51  5:14  Zergling x6  
  53  5:23  Centrifugal Hooks  
  41  5:29  Drone x3  
  41  5:31  Drone x2  
  44  5:43  Evolution Chamber  
  44  5:44  Drone  
  44  5:45  Drone  
  45  6:07  Zergling x2  
  45  6:08  Zergling x16  
  52  6:25  Zergling x12  
  53  6:32  Queen  
  60  6:38  Zergling x12  
  66  6:42  Spire  
  66  6:43  Drone  
  61  6:58  Zergling x8  
  64  7:03  Queen  
  64  7:05  Drone x3  
  64  7:06  Drone  
  66  7:29  Drone x8  
  68  7:44  Extractor  
  67  7:45  Extractor  
  67  7:46  Drone  
  67  7:47  Drone x5  
  67  7:48  Spine Crawler  
  64  7:52  Zergling x2  
Show
View Real Time Build Order
Export as new Build Order

Aløne Protoss 

Build Orders:  

Get SALT Encoding   

  12  0:01  Probe  
  13  0:13  Probe  
  14  0:23  Pylon  
  14  0:25  Probe  
  15  0:41  Gateway, Probe (Chrono Boost)  
  16  0:52  Assimilator  
  16  0:53  Probe (Chrono Boost)  
  17  0:59  Probe (Chrono Boost)  
  18  1:08  Probe (Chrono Boost)  
  19  1:20  Probe (Chrono Boost)  
  19  1:22  Pylon  
  20  1:27  Probe (Chrono Boost)  
  21  1:34  Probe  
  22  1:43  Cybernetics Core  
  22  1:46  Probe  
  23  1:58  Probe (Chrono Boost)  
  23  2:00  Assimilator  
  24  2:10  Probe (Chrono Boost)  
  25  2:19  Warp Gate, Probe (Chrono Boost)  
  26  2:29  Stalker  
  28  2:30  Probe  
  28  2:36  Pylon  
  29  2:42  Probe  
  30  2:46  Pylon  
  30  2:54  Probe  
  30  2:57  Nexus  
  31  3:01  Gateway  
  31  3:04  Gateway  
  31  3:06  Probe  
  32  3:26  Probe  
  33  3:32  Stalker  
  35  3:38  Probe  
  36  3:43  Pylon  
  36  3:48  Stalker  
  38  3:51  Stalker  
  40  4:00  Gateway  
  40  4:02  Stalker  
  42  4:05  Gateway  
  42  4:13  Probe (Chrono Boost)  
  43  4:18  Stalker  
  43  4:20  Probe (Chrono Boost)  
  43  4:23  Probe (Chrono Boost)  
  47  4:28  Probe (Chrono Boost)  
  47  4:30  Probe (Chrono Boost)  
  49  4:33  Twilight Council  
  49  4:34  Probe  
  50  4:39  Probe  
  50  4:40  Stalker  
  53  4:46  Probe  
  53  4:47  Forge  
  54  4:55  Assimilator  
  54  4:58  Probe  
  55  5:02  Assimilator  
  55  5:05  Probe  
  56  5:09  Stalker x2  
  60  5:27  Stalker x3  
  62  5:41  Stalker x2  
  62  5:55  Probe (Chrono Boost)  
  64  5:59  Stalker x3  
  64  6:01  Probe (Chrono Boost)  
  70  6:07  Pylon  
  70  6:10  Gateway  
  70  6:11  Gateway  
  70  6:12  Gateway  
  70  6:25  Probe x2, Pylon  
  72  6:26  Pylon  
  72  6:29  Pylon  
  72  6:58  Pylon  
  72  7:01  Stalker x5  
  82  7:18  Stalker x3  
  88  7:31  Stalker x5  
  98  7:48  Stalker x3  
  102  8:03  Stalker x4  
  106  8:12  Pylon  
Tags
 
Add a new tag
Caveats
  • Supply blocks, unpowered buildings, or Contaminate may cause inaccurate times.
  • Supply counts are checked every 10 seconds.